 Dungeon Crawl Stone Soup version 0.23.2-40-g277498a001 (webtiles) character file.

Game seed: 7267204513223590819

90 Curus the Insei (level 4, -4/32 HPs)
             Began as a Merfolk Transmuter on Sept 21, 2019.
             Killed from afar by an orc wizard (6 damage)
             ... with a puff of frost
             ... on level 3 of the Dungeon.
             The game lasted 00:04:47 (2112 turns).

Curus the Insei (Merfolk Transmuter)                Turns: 2112, Time: 00:04:49

Health: -4/32      AC:  2    Str:  7 (10) XL:     4   Next: 56%
Magic:  3/7        EV: 20    Int: 10 (13) God:
Gold:   75         SH:  0    Dex: 18 (19) Spells: 3/7 levels left

rFire    . . .     SeeInvis .     - Unarmed
rCold    . . .     Gourm    .   (shield currently unavailable)
rNeg     . . .     Faith    .   (armour currently unavailable)
rPois    x         Spirit   .   (helmet currently unavailable)
rElec    .         Reflect  .   (cloak currently unavailable)
rCorr    .         Harm     .   (gloves currently unavailable)
MR       .....                  (boots currently unavailable)
Stlth    ++........             (no amulet)
HPRegen  0.10/turn              c - ring of wizardry
MPRegen  0.10/turn              (no ring)

@: spider-form (expiring), hasted, very quick
A: tiny, (change form in water), (swift swim), (stealthy swim)
a: End Transformation


You were on level 3 of the Dungeon.
You were not hungry.
You were a venomous arachnid creature.
You visited 1 branch of the dungeon, and saw 3 of its levels.

You collected 75 gold pieces.

Inventory:

Missiles
 a - 34 arrows
Armour
 b - a +1 robe (melded)
 g - a +0 cloak (melded)
 j - a +0 buckler
Jewellery
 c - a ring of wizardry (left front leg)
Scrolls
 e - a scroll of teleportation
Potions
 f - a potion of degeneration
Comestibles
 d - 4 rations
 h - 5 chunks of flesh


   Skills:
 - Level 1.1 Fighting
 - Level 2.6 Dodging
 + Level 5.7 Unarmed Combat
 - Level 2.0 Spellcasting
 - Level 2.6 Transmutations


You had 3 spell levels left.
You knew the following spells:

 Your Spells              Type           Power        Failure   Level  Hunger
a - Beastly Appendage     Tmut           #.....       11%         1    ##.....
b - Spider Form           Tmut/Pois      #.........   36%         3    ####...

Your spell library contained the following spells:

 Spells                   Type           Power        Failure   Level  Hunger
 Sticks to Snakes         Tmut           #.......     14%         2    ###....
 Ice Form                 Ice/Tmut       #.......     71%         4    #####..
 Blade Hands              Tmut           #.........   83%         5    ######.


Dungeon Overview and Level Annotations

Branches:
Dungeon (3/15)

Altars:
The Shining One


Message History

The puff of flame hits you!
You bump into the rock wall.
You barely miss something. Something hits you.
You bump into the rock wall.
You feel less confused. The orc wizard casts a spell at you.
The puff of frost hits something!
You hear some strange, mumbled words.
A magic dart appears from out of thin air!
The magic dart hits you!
* * * LOW HITPOINT WARNING * * *
Okay, then.
Unknown command.
Casting: Spider Form (safe; 21% risk of failure)
Confirm with . or Enter, or press ? or * to list all spells.
You turn into a venomous arachnid creature.
Your +0 cloak melds into your body.
Your +1 robe melds into your body.
The orc wizard gestures at you while chanting.
The puff of frost hits you.
You die...

#......... .....
#........# .....
#........#......
#......#.#......
#......o........
#......#l##.....
#......#o# #.#
#......#{#
#......#s#
#......#.#
#......#.#
#......#.# #.# #.#
#.################
#........†........
##################


You could see an orc wizard, an orc and a leopard gecko.

Vanquished Creatures
  An orc priest (D:2)
  An adder (D:2)
  4 leopard geckos
  3 orcs
  5 giant cockroaches
  5 goblins (D:2)
  3 hobgoblins
  2 jackals (D:2)
  A quokka (D:3)
  5 bats
  6 frilled lizards
  4 kobolds
  3 rats
43 creatures vanquished.

Notes
Turn   | Place    | Note
-------+----------+-------------------------------------------
     0 | D:1      | Curus the Merfolk Transmuter began the quest for the Orb.
     0 | D:1      | Reached XP level 1. HP: 15/15 MP: 3/3
   310 | D:1      | Reached XP level 2. HP: 6/21 MP: 5/5
   561 | D:1      | Reached skill level 4 in Unarmed Combat
  1033 | D:2      | Reached XP level 3. HP: 19/26 MP: 6/6
  1038 | D:2      | Learned a level 3 spell: Spider Form
  1315 | D:2      | Found a glowing golden altar of the Shining One.
  1400 | D:2      | Reached skill level 5 in Unarmed Combat
  1410 | D:2      | Reached XP level 4. HP: 12/32 MP: 4/7
  2112 | D:3      | Killed from afar by an orc wizard

Skill      XL: |  1  2  3 |
---------------+----------+-----
Unarmed Combat | 4 5 |  5.7
Fighting       | |  1.1
Dodging        | |  2.6
Spellcasting   | |  2.0
Transmutations | |  2.6

Action                   |  1- 3 |  4- 6 || total
-------------------------+-------+-------++-------
Melee: Unarmed           |   117 |    41 ||   158
       Headbutt          |     1 |       ||     1
       Punch             |     1 |       ||     1
 Cast: Beastly Appendage |     3 |     2 ||     5
       Spider Form       |     1 |     2 ||     3
  Use: Scroll            |     4 |       ||     4
       Potion            |     2 |     2 ||     4
 Stab: Sleeping          |     3 |       ||     3
  Eat: Chunk             |     1 |     3 ||     4
Armor: Robe              |    27 |    10 ||    37
Dodge: Dodged            |    84 |    29 ||   113
